| TOP OF THE 1ST |
|
Great Falls Voyagers batting - Pitching for Burlington Royals : LHP Butch Ott
|
|
Pitching: LHP Butch Ott
|
|
|
Batting: SHB Jay Gagnon
|
0-0: Ball 1-0: Swinging Strike 1-1: Called Strike 1-2: Ball 2-2: Ball 3-2: Base on Balls
|
|
Batting: LHB Justin Stickney
|
0-0: Called Strike 0-1: Ball 1-1: Swinging Strike 1-2: Foul Ball, location: 2F 1-2: Strikes out swinging
|
|
Batting: RHB Mike Rosa
|
0-0: Ball 1-0: Called Strike 1-1: SINGLE (Flyball, 4D, EV 88.8 MPH) Jay Gagnon to second
|
|
Batting: RHB Andy Cotton
|
0-0: Called Strike Jay Gagnon is caught stealing 3rd base 2-5 Mike Rosa to second 0-1: Swinging Strike 0-2: Ball 1-2: Ball 2-2: Strikes out looking
|
| Top of the 1st over - 0 runs, 1 hit, 0 errors, 1 left on base; Great Falls 0 - Burlington 0 |
| BOTTOM OF THE 1ST |
|
Burlington Royals batting - Pitching for Great Falls Voyagers : LHP Matt Schwartz
|
|
Pitching: LHP Matt Schwartz
|
|
|
Batting: RHB Adam Krieger
|
0-0: Swinging Strike 0-1: Foul Ball, location: 2F 0-2: Strikes out swinging
|
|
Batting: SHB Bill Ertl
|
0-0: Ball 1-0: Fly out, F7 (Flyball, 7D, EV 81.2 MPH)
|
|
Batting: LHB Mike Bhatti
|
0-0: Called Strike 0-1: Ball 1-1: Ground out U3 (Groundball, 13, EV 85.6 MPH)
|
| Bottom of the 1st over - 0 runs, 0 hits, 0 errors, 0 left on base; Great Falls 0 - Burlington 0 |
| TOP OF THE 2ND |
|
Great Falls Voyagers batting - Pitching for Burlington Royals : LHP Butch Ott
|
|
Batting: RHB Mitch Cuadros
|
0-0: Ball 1-0: Foul Ball, location: 2F 1-1: Ball 2-1: Foul Ball, location: 2F 2-2: Ball 3-2: Fly out, F6 (Line Drive, 6, EV 66.2 MPH)
|
|
Batting: RHB David Rhodes
|
0-0: Ball 1-0: Ball 2-0: Ball 3-0: Base on Balls
|
|
Pitching: RHP Greg Sell
|
|
|
Batting: SHB Ethan Villalobos
|
0-0: Called Strike 0-1: Called Strike 0-2: Foul Ball, location: 2F 0-2: Ball 1-2: Foul Ball, location: 2F 1-2: Fielders Choice at 2nd, U6 (Groundball, 4MD, EV 103.1 MPH)
|
|
Batting: RHB Tommy Ellington
|
0-0: Foul Ball, location: 2F 0-1: Swinging Strike 0-2: Ball 1-2: Ball 2-2: Strikes out swinging
|
| Top of the 2nd over - 0 runs, 0 hits, 0 errors, 1 left on base; Great Falls 0 - Burlington 0 |
| BOTTOM OF THE 2ND |
|
Burlington Royals batting - Pitching for Great Falls Voyagers : LHP Matt Schwartz
|
|
Batting: RHB Nick Julien
|
0-0: Called Strike 0-1: Called Strike 0-2: Ball 1-2: Fly out, F8 (Flyball, 8RM, EV 90.6 MPH)
|
|
Batting: RHB Phil Hamby
|
0-0: SINGLE (Groundball, 6MD, EV 98.8 MPH)
|
|
Batting: LHB Bobby Gonzalez
|
0-0: Ball 1-0: Fly out, F5 (Line Drive, 5, EV 71.2 MPH)
|
|
Batting: LHB Pablo Serrato
|
0-0: Called Strike 0-1: Called Strike 0-2: Fly out, F9 (Flyball, 9D, EV 94.4 MPH)
|
| Bottom of the 2nd over - 0 runs, 1 hit, 0 errors, 1 left on base; Great Falls 0 - Burlington 0 |
| TOP OF THE 3RD |
|
Great Falls Voyagers batting - Pitching for Burlington Royals : RHP Greg Sell
|
|
Batting: SHB Jose Romo
|
0-0: Ball 1-0: Foul Ball, location: 2F 1-1: Called Strike 1-2: SINGLE (Groundball, 5L, EV 96.9 MPH)
|
|
Batting: SHB Jay Gagnon
|
0-0: Ball 1-0: Ball 2-0: Ball Wild Pitch! Jose Romo to second 3-0: Base on Balls
|
|
Pitching: LHP Brett Reed
|
|
|
Batting: LHB Justin Stickney
|
0-0: Ball 1-0: Foul Ball, location: 2F 1-1: Ball 2-1: Swinging Strike 2-2: Foul Ball, location: 2F 2-2: SINGLE (Groundball, 34D, EV 98.1 MPH) Jose Romo to third Jay Gagnon to second Runner from 3rd tries for Home, SAFE, throw by RF to home
|
|
Batting: RHB Mike Rosa
|
0-0: Called Strike 0-1: Called Strike 0-2: Foul Ball, location: 2F 0-2: Strikes out swinging
|
|
Batting: RHB Andy Cotton
|
0-0: Swinging Strike 0-1: Ball 1-1: Foul Ball, location: 2F 1-2: Ball 2-2: Strikes out swinging
|
|
Batting: RHB Mitch Cuadros
|
0-0: Called Strike 0-1: Ball 1-1: Called Strike 1-2: Hit by Pitch Jay Gagnon to third Justin Stickney to second
|
|
Pitching: RHP Neil Drain
|
|
|
Batting: RHB David Rhodes
|
0-0: Foul Ball, location: 2F 0-1: Ground out 4-3 (Groundball, 4, EV 98.1 MPH)
|
| Top of the 3rd over - 1 run, 2 hits, 0 errors, 3 left on base; Great Falls 1 - Burlington 0 |
| BOTTOM OF THE 3RD |
|
Burlington Royals batting - Pitching for Great Falls Voyagers : LHP Matt Schwartz
|
|
Batting: RHB Carlos Almada
|
0-0: Ground out 3-1 (Groundball, 34, EV 88.1 MPH)
|
|
Batting: RHB Bobby Matyas
|
0-0: Called Strike 0-1: Ball 1-1: Foul Ball, location: 2F 1-2: Ball 2-2: Foul Ball, location: 2F 2-2: Ball 3-2: Foul Ball, location: 2F 3-2: Strikes out swinging
|
|
Batting: RHB Adam Krieger
|
0-0: Called Strike 0-1: Ball 1-1: Ball 2-1: Called Strike 2-2: Ball 3-2: Ground out 6-3 (Groundball, 56D, EV 101.2 MPH)
|
| Bottom of the 3rd over - 0 runs, 0 hits, 0 errors, 0 left on base; Great Falls 1 - Burlington 0 |
| TOP OF THE 4TH |
|
Great Falls Voyagers batting - Pitching for Burlington Royals : RHP Neil Drain
|
|
Batting: SHB Ethan Villalobos
|
0-0: Called Strike 0-1: Ball 1-1: Ball 2-1: Swinging Strike 2-2: Foul Ball, location: 2F 2-2: Foul Ball, location: 2F 2-2: Foul Ball, location: 2F 2-2: Ground out 4-3 (Groundball, 34, EV 80.6 MPH)
|
|
Batting: RHB Tommy Ellington
|
0-0: Ball 1-0: Ball 2-0: Ball 3-0: Base on Balls
|
|
Batting: SHB Jose Romo
|
0-0: Ball 1-0: Ball 2-0: Ball 3-0: Called Strike 3-1: Fly out, F9 (Flyball, 89S, EV 78.1 MPH)
|
|
Pitching: RHP Nam Phong
|
|
|
Batting: SHB Jay Gagnon
|
Pickoff Throw to First - Out! 1-3
|
| Top of the 4th over - 0 runs, 0 hits, 0 errors, 0 left on base; Great Falls 1 - Burlington 0 |
| BOTTOM OF THE 4TH |
|
Burlington Royals batting - Pitching for Great Falls Voyagers : LHP Matt Schwartz
|
|
Batting: SHB Bill Ertl
|
0-0: Ball 1-0: Called Strike 1-1: Ball 2-1: Foul Ball, location: 2F 2-2: Strikes out swinging
|
|
Batting: LHB Mike Bhatti
|
0-0: Called Strike 0-1: Called Strike 0-2: Ball 1-2: Ground out 2-3 (Groundball, 15S, EV 68.8 MPH)
|
|
Batting: RHB Nick Julien
|
0-0: Ball 1-0: Ball 2-0: Ball 3-0: Called Strike 3-1: Swinging Strike 3-2: Foul Ball, location: 2F 3-2: Foul Ball, location: 2F 3-2: Base on Balls
|
|
Batting: RHB Phil Hamby
|
0-0: Ball 1-0: Foul Ball, location: 2F 1-1: Foul Ball, location: 2F 1-2: Foul Ball, location: 2F 1-2: Ball 2-2: Ground out 6-3 (Groundball, 6S, EV 71.9 MPH)
|
| Bottom of the 4th over - 0 runs, 0 hits, 0 errors, 1 left on base; Great Falls 1 - Burlington 0 |
| TOP OF THE 5TH |
|
Great Falls Voyagers batting - Pitching for Burlington Royals : RHP Nam Phong
|
|
Batting: SHB Jay Gagnon
|
0-0: Foul Ball, location: 2F 0-1: Foul Ball, location: 2F 0-2: Ball 1-2: Ball 2-2: SOLO HOME RUN (Line Drive, 9LD, EV 94.4 MPH), Distance : 340 ft
|
|
Batting: LHB Justin Stickney
|
0-0: Swinging Strike 0-1: Ball 1-1: Fly out, F9 (Flyball, 9D, EV 93.1 MPH)
|
|
Batting: RHB Mike Rosa
|
0-0: Ball 1-0: Ball 2-0: Ball 3-0: Called Strike 3-1: Base on Balls
|
|
Batting: RHB Andy Cotton
|
0-0: Ball 1-0: Called Strike 1-1: Swinging Strike 1-2: SINGLE (Flyball, 3D, EV 84.4 MPH) Mike Rosa to second
|
|
Batting: RHB Mitch Cuadros
|
0-0: Called Strike 0-1: Swinging Strike 0-2: Foul Ball, location: 2F 0-2: Foul Ball, location: 2F 0-2: Ball 1-2: Ball 2-2: Foul Ball, location: 2F 2-2: Grounds into double play, 5-4-3 (Groundball, 56, EV 89.4 MPH)
|
| Top of the 5th over - 1 run, 2 hits, 0 errors, 1 left on base; Great Falls 2 - Burlington 0 |
| BOTTOM OF THE 5TH |
|
Burlington Royals batting - Pitching for Great Falls Voyagers : LHP Matt Schwartz
|
|
Batting: LHB Bobby Gonzalez
|
0-0: Ball 1-0: Swinging Strike 1-1: Ball 2-1: Ground out 4-3 (Groundball, 4, EV 105.6 MPH)
|
|
Batting: LHB Pablo Serrato
|
0-0: Foul Ball, location: 2F 0-1: Ball 1-1: Foul Ball, location: 2F 1-2: Foul Ball, location: 2F 1-2: Foul Ball, location: 2F 1-2: Strikes out swinging
|
|
Batting: RHB Carlos Almada
|
0-0: Ball 1-0: Swinging Strike 1-1: Ball 2-1: Ground out 5-3 (Groundball, 5L, EV 88.8 MPH)
|
| Bottom of the 5th over - 0 runs, 0 hits, 0 errors, 0 left on base; Great Falls 2 - Burlington 0 |
| TOP OF THE 6TH |
|
Great Falls Voyagers batting - Pitching for Burlington Royals : RHP Nam Phong
|
|
Pitching: RHP Chance Griffin
|
|
|
Batting: RHB David Rhodes
|
0-0: Ball 1-0: Ball 2-0: Foul Ball, location: 2F 2-1: Reached on error, E6 (Groundball, 6, EV 103.1 MPH)
|
|
Batting: SHB Ethan Villalobos
|
0-0: Ball 1-0: Foul Ball, location: 2F 1-1: Ball 2-1: Fielders Choice at 2nd, 4-6 (Groundball, 4, EV 91.2 MPH)
|
|
Batting: RHB Tommy Ellington
|
0-0: Called Strike 0-1: Called Strike 0-2: Ball 1-2: Ball 2-2: Ball 3-2: Base on Balls Ethan Villalobos to second
|
|
Batting: SHB Jose Romo
|
0-0: Foul Ball, location: 2F 0-1: Foul Ball, location: 2F 0-2: Ball 1-2: Ball 2-2: DOUBLE (Groundball, 3L, EV 99.4 MPH) Ethan Villalobos scores Tommy Ellington to third
|
|
Pitching: RHP Kolenka Leschenya
|
|
|
Batting: SHB Jay Gagnon
|
0-0: Ball 1-0: Swinging Strike 1-1: Called Strike 1-2: Foul Ball, location: 2F 1-2: Strikes out swinging
|
|
Batting: LHB Justin Stickney
|
0-0: Ball 1-0: Ball 2-0: Foul Ball, location: 2F 2-1: Swinging Strike 2-2: Foul Ball, location: 2F 2-2: Ball 3-2: SINGLE (Groundball, 6D, EV 94.4 MPH) Tommy Ellington scores Jose Romo to third Runner from 3rd tries for Home, SAFE, throw by LF to home
|
|
Batting: RHB Mike Rosa
|
0-0: Called Strike 0-1: SINGLE (Groundball, 34D, EV 108.8 MPH) Justin Stickney to second Runner from 2nd tries for 3rd, SAFE, throw by RF made to third Mike Rosa to second
|
|
Batting: RHB Andy Cotton
|
0-0: Ball 1-0: Called Strike 1-1: Ball 2-1: Ball 3-1: Base on Balls
|
|
Pitching: LHP Ken Milhouse
|
|
|
Batting: RHB Mitch Cuadros
|
0-0: Swinging Strike 0-1: Ball 1-1: Ball 2-1: Ball 3-1: Base on Balls Justin Stickney scores Mike Rosa to third Andy Cotton to second
|
|
Batting: RHB David Rhodes
|
0-0: Called Strike 0-1: Ball 1-1: Foul Ball, location: 2F 1-2: SINGLE (Line Drive, 89S, EV 93.1 MPH) Mike Rosa scores Andy Cotton to third Mitch Cuadros to second Runner from 3rd tries for Home, SAFE, throw by RF to home
|
|
Batting: SHB Ethan Villalobos
|
0-0: Ball 1-0: Ball 2-0: Called Strike 2-1: Ball 3-1: Base on Balls Mitch Cuadros to third David Rhodes to second
|
|
Batting: RHB Tommy Ellington
|
0-0: Ball 1-0: SINGLE (Groundball, 15S, EV 65.6 MPH) (infield hit) Mitch Cuadros scores David Rhodes to third Ethan Villalobos to second
|
|
Batting: SHB Jose Romo
|
0-0: Ball 1-0: Ball 2-0: Ball 3-0: Base on Balls David Rhodes scores Ethan Villalobos to third Tommy Ellington to second
|
|
Pitching: RHP Jordan Viveros
|
|
|
Batting: SHB Jay Gagnon
|
0-0: Ball 1-0: Ball 2-0: Called Strike 2-1: Called Strike 2-2: Strikes out swinging
|
| Top of the 6th over - 8 runs, 5 hits, 1 error, 3 left on base; Great Falls 10 - Burlington 0 |
| BOTTOM OF THE 6TH |
|
Burlington Royals batting - Pitching for Great Falls Voyagers : LHP Matt Schwartz
|
|
Batting: RHB Bobby Matyas
|
0-0: Reached on error, E6 (Groundball, 6, EV 82.5 MPH)
|
|
Batting: RHB Adam Krieger
|
0-0: Ball 1-0: Ball 2-0: Foul Ball, location: 2F 2-1: Swinging Strike 2-2: Strikes out looking
|
|
Batting: SHB Bill Ertl
|
0-0: Ball 1-0: Called Strike 1-1: Called Strike 1-2: Grounds into double play, 6-4-3 (Groundball, 6S, EV 81.9 MPH)
|
| Bottom of the 6th over - 0 runs, 0 hits, 1 error, 0 left on base; Great Falls 10 - Burlington 0 |
| TOP OF THE 7TH |
|
Great Falls Voyagers batting - Pitching for Burlington Royals : RHP Jordan Viveros
|
|
Batting: LHB Justin Stickney
|
0-0: Called Strike 0-1: Ball 1-1: SOLO HOME RUN (Line Drive, 7D, EV 98.8 MPH), Distance : 389 ft
|
|
Batting: RHB Mike Rosa
|
0-0: Ball 1-0: Foul Ball, location: 2F 1-1: Ball 2-1: Ball 3-1: Swinging Strike 3-2: Strikes out swinging
|
|
Batting: RHB Andy Cotton
|
0-0: Called Strike 0-1: Ball 1-1: Called Strike 1-2: Strikes out looking
|
|
Pitching: RHP Vance Coen
|
|
|
Batting: RHB Mitch Cuadros
|
0-0: Ball 1-0: Ball 2-0: Ball 3-0: Base on Balls
|
|
Batting: RHB David Rhodes
|
0-0: Called Strike 0-1: Ball 1-1: Ball 2-1: Ball Passed Ball! Mitch Cuadros to second 3-1: Foul Ball, location: 2F 3-2: Foul Ball, location: 2F 3-2: Ground out 1-3 (Groundball, 23, EV 73.1 MPH)
|
| Top of the 7th over - 1 run, 1 hit, 0 errors, 1 left on base; Great Falls 11 - Burlington 0 |
| BOTTOM OF THE 7TH |
|
Burlington Royals batting - Pitching for Great Falls Voyagers : LHP Matt Schwartz
|
|
Pinch Hitting: LHB Edgar Ortiz
|
0-0: Ball 1-0: Fly out, F9 (Flyball, 9, EV 83.1 MPH)
|
|
Batting: RHB Jonas Fernandez
|
0-0: Swinging Strike 0-1: Ball 1-1: Ground out 6-3 (Groundball, 6, EV 86.9 MPH)
|
|
Pinch Hitting: RHB Carlos Santoni
|
0-0: Ground out 3-1 (Groundball, 34, EV 106.9 MPH)
|
| Bottom of the 7th over - 0 runs, 0 hits, 0 errors, 0 left on base; Great Falls 11 - Burlington 0 |
| TOP OF THE 8TH |
|
Great Falls Voyagers batting - Pitching for Burlington Royals : RHP Vance Coen
|
|
Now at 2B: Carlos Santoni
|
|
|
Now at 3B: Edgar Ortiz
|
|
|
Batting: SHB Ethan Villalobos
|
0-0: Called Strike 0-1: Ball 1-1: Ball 2-1: Foul Ball, location: 2F 2-2: Ball 3-2: Base on Balls
|
|
Batting: RHB Tommy Ellington
|
0-0: Ball 1-0: Called Strike 1-1: Ball 2-1: Foul Ball, location: 2F 2-2: Grounds into double play, 6-4-3 (Groundball, 6, EV 81.9 MPH)
|
|
Batting: SHB Jose Romo
|
0-0: Ball 1-0: Ground out 1-3 (Groundball, P, EV 67.5 MPH)
|
| Top of the 8th over - 0 runs, 0 hits, 0 errors, 0 left on base; Great Falls 11 - Burlington 0 |
| BOTTOM OF THE 8TH |
|
Burlington Royals batting - Pitching for Great Falls Voyagers : LHP Matt Schwartz
|
|
Pitching: RHP Ivan Gaona
|
|
|
Pinch Hitting: RHB Dave Saldana
|
0-0: Fly out, F9 (Flyball, 9, EV 94.4 MPH)
|
|
Batting: LHB Pablo Serrato
|
0-0: Fly out, F8 (Flyball, 8RXD, EV 91.9 MPH)
|
|
Batting: RHB Carlos Almada
|
0-0: Ball 1-0: Called Strike 1-1: Fly out, F7 (Line Drive, 7S, EV 96.2 MPH)
|
| Bottom of the 8th over - 0 runs, 0 hits, 0 errors, 0 left on base; Great Falls 11 - Burlington 0 |
| TOP OF THE 9TH |
|
Great Falls Voyagers batting - Pitching for Burlington Royals : RHP Vance Coen
|
|
Now in CF: Dave Saldana
|
|
|
Batting: SHB Jay Gagnon
|
0-0: Swinging Strike 0-1: Called Strike 0-2: Ball 1-2: Strikes out swinging
|
|
Batting: LHB Justin Stickney
|
0-0: Ball 1-0: Called Strike 1-1: Ball 2-1: Foul Ball, location: 2F 2-2: Foul Ball, location: 2F 2-2: Ball 3-2: SOLO HOME RUN (Flyball, 7D, EV 94.4 MPH), Distance : 367 ft
|
|
Batting: RHB Mike Rosa
|
0-0: Ball 1-0: Ball 2-0: Called Strike 2-1: Ball 3-1: Foul Ball, location: 2F 3-2: SOLO HOME RUN (Flyball, 89XD, EV 101.2 MPH), Distance : 392 ft
|
|
Pitching: RHP Chang-keun Baik
|
|
|
Batting: RHB Andy Cotton
|
0-0: Ball 1-0: Called Strike 1-1: Ball 2-1: Foul Ball, location: 2F 2-2: Foul Ball, location: 2F 2-2: Foul Ball, location: 2F 2-2: Fly out, F3 (Popup, 3F, EV 81.9 MPH)
|
|
Batting: RHB Mitch Cuadros
|
0-0: Ball 1-0: Ball 2-0: Called Strike 2-1: Ball 3-1: Called Strike 3-2: Strikes out swinging
|
| Top of the 9th over - 2 runs, 2 hits, 0 errors, 0 left on base; Great Falls 13 - Burlington 0 |
| BOTTOM OF THE 9TH |
|
Burlington Royals batting - Pitching for Great Falls Voyagers : RHP Ivan Gaona
|
|
Pitching: LHP Ray Sowers
|
|
|
Pinch Hitting: RHB Jason Birge
|
0-0: Fly out, F8 (Flyball, 8LS, EV 90.6 MPH)
|
|
Batting: RHB Adam Krieger
|
0-0: Ball 1-0: Swinging Strike 1-1: Ground out 6-3 (Groundball, 6MS, EV 76.2 MPH)
|
|
Pinch Hitting: RHB Jason Conner
|
0-0: Foul Ball, location: 2F 0-1: Foul Ball, location: 2F 0-2: Ball 1-2: DOUBLE (Flyball, 89D, EV 100.6 MPH)
|
|
Batting: LHB Edgar Ortiz
|
0-0: Ball 1-0: Ball 2-0: Called Strike 2-1: Ball 3-1: Base on Balls
|
|
Batting: RHB Jonas Fernandez
|
0-0: Swinging Strike 0-1: Ground out U3 (Groundball, 3, EV 102.5 MPH)
|
| Bottom of the 9th over - 0 runs, 1 hit, 0 errors, 2 left on base; Great Falls 13 - Burlington 0 |
|